AoeStats
← La pomme1

MegaRandom

510091573Analyzed
4v4 RM · 4d ago on Sep 29, 2026· 58m 49s· 8 players
Game mode
Random Map
Map size
Large (8 player)
Population
200
Speed
Normal
Resources
Standard
Victory
Conquest
Starting age
Dark Age
Ending age
Imperial Age
RankedLock teamsTeams togetherTeam positionsShared explorationLock speedFull tech treeHidden civsTurbo modeCheats
Victory
Defeat
🇨🇳 Persians · China
1071
+14
🇹🇼 Wei · Taiwan
1064
+14
🇩🇪 Danes · Germany
1049
+15
🇦🇷 Celts · Argentina
982
+17
🇱🇧 Malians · Lebanon
1089
-18
🇨🇳 Huns · China
1038
-16
🇱🇧 Magyars · Lebanon
979
-13
🇩🇪 Britons · Germany
973
-33
La pomme1
7:38 Loom
10:53 Feudal Age
11:40 Man-at-Arms
20:10 Castle Age
17:59 Double-Bit Axe
17:59 Horse Collar
21:44 Bloodlines
21:35 Husbandry
29:31 Bow Saw
30:11 Pikeman
31:52 Wheelbarrow
31:04 Town Watch
32:48 Squires
35:35 Imperial Age
33:24 Heavy Plow
34:02 Hand Cart
35:05 Tigui
35:58 Heavy Camel Rider
38:44 Chemistry
38:05 Ballistics
38:29 Forging
38:25 Scale Barding Armor
38:21 Scale Mail Armor
38:13 Fletching
38:23 Padded Archer Armor
38:47 Conscription
37:50 Elite Gbeto
39:28 Gold Mining
39:28 Stone Mining
40:48 Gold Shaft Mining
41:55 Iron Casting
41:41 Chain Barding Armor
41:17 Bodkin Arrow
41:38 Chain Mail Armor
48:43 Leather Archer Armor
49:03 Plate Barding Armor
55:12 Ring Archer Armor
54:57 Chain Mail Armor
zabreyski
13:27 Feudal Age
18:49 Castle Age
17:19 Double-Bit Axe
18:20 Scale Barding Armor
20:18 Stone Mining
21:17 Bow Saw
20:50 Horse Collar
24:35 Chain Barding Armor
27:22 Husbandry
32:14 Wheelbarrow
33:38 Hand Cart
38:51 Imperial Age
37:33 Scale Mail Armor
36:56 Pikeman
37:51 Bloodlines
37:44 Gold Mining
39:47 Halberdier
41:39 Chain Mail Armor
47:02 Conscription
49:20 Plate Barding Armor
49:46 Cavalier
51:16 Paladin
兔子18
10:26 Feudal Age
13:04 Bloodlines
22:49 Castle Age
20:35 Loom
20:42 Double-Bit Axe
20:42 Horse Collar
21:11 Gold Mining
23:56 Husbandry
24:05 Scale Barding Armor
24:11 Forging
31:21 Chain Barding Armor
31:37 Iron Casting
33:17 Gold Shaft Mining
35:33 Wheelbarrow
35:20 Bow Saw
35:15 Heavy Plow
37:47 Imperial Age
38:58 Cavalier
40:16 Plate Barding Armor
40:42 Blast Furnace
40:45 Conscription
43:06 Pikeman
43:46 Squires
44:03 Scale Mail Armor
45:01 Halberdier
46:55 Stone Mining
m4jest1cs
9:00 Feudal Age
9:44 Loom
14:50 Double-Bit Axe
14:49 Horse Collar
18:43 Wheelbarrow
22:18 Castle Age
21:40 Fletching
23:10 Crossbowman
23:47 Bodkin Arrow
24:04 Forging
24:08 Bow Saw
24:00 Heavy Plow
24:10 Gold Mining
25:49 Hand Cart
26:55 Iron Casting
27:44 Town Watch
29:01 Town Patrol
33:57 Ballistics
36:18 Imperial Age
35:54 Padded Archer Armor
37:24 Bracer
37:47 Yeomen
37:49 Conscription
38:32 Blast Furnace
37:48 Leather Archer Armor
38:20 Hoardings
39:51 Two-Man Saw
39:28 Arbalester
42:03 Light Cavalry
42:43 Husbandry
42:52 Scale Barding Armor
45:50 Chemistry
44:47 Murder Holes
45:03 Masonry
Oscar_Lee
11:37 Feudal Age
16:13 Castle Age
14:38 Double-Bit Axe
14:34 Horse Collar
15:00 Gold Mining
16:09 Scale Barding Armor
17:11 Bow Saw
17:03 Loom
19:09 Heavy Plow
19:00 Gold Mining
19:55 Stone Mining
23:27 Wheelbarrow
26:47 Hand Cart
27:01 Forging
27:27 Chain Barding Armor
28:47 Tuntian
30:45 Bloodlines
30:36 Husbandry
35:37 Imperial Age
32:58 Town Watch
34:09 Gold Shaft Mining
34:10 Stone Shaft Mining
35:22 Iron Casting
37:48 Blast Furnace
37:52 Elite Tiger Cavalry
38:53 Conscription
39:34 Ming Guang Armor
41:01 Hoardings
42:42 Chemistry
41:53 Masonry
41:38 Murder Holes
41:57 Fortified Wall
41:30 Treadmill Crane
57:04 Coinage
56:34 Caravan
雅硬雅重
9:31 Loom
12:02 Feudal Age
13:25 Double-Bit Axe
16:09 Castle Age
14:14 Horse Collar
21:04 Bow Saw
21:48 Heavy Plow
23:12 Wheelbarrow
24:59 Gold Mining
25:01 Stone Mining
25:43 Pikeman
27:45 Hand Cart
32:38 Imperial Age
29:57 Town Watch
30:40 Town Watch
31:46 Scale Barding Armor
31:51 Forging
31:45 Scale Mail Armor
31:48 Padded Archer Armor
31:39 Fletching
32:04 Squires
33:58 Conscription
33:40 Husbandry
33:50 Bloodlines
34:24 Iron Casting
33:26 Cavalier
35:08 Stone Shaft Mining
35:10 Gold Shaft Mining
34:57 Chain Barding Armor
36:27 Savar
37:12 Heated Shot
38:25 Chemistry
37:45 Ballistics
37:23 Murder Holes
37:39 Masonry
37:14 Savar
37:59 Kamandaran
38:28 Crossbowman
39:13 Thumb Ring
40:15 Blast Furnace
39:53 Plate Barding Armor
39:18 Padded Archer Armor
39:09 Fletching
39:34 Chain Mail Armor
40:22 Halberdier
44:26 Architecture
44:15 Leather Archer Armor
43:55 Bodkin Arrow
44:24 Capped Ram
47:22 Siege Ram
Séneca
9:56 Loom
11:42 Feudal Age
14:40 Double-Bit Axe
22:58 Castle Age
21:24 Horse Collar
21:40 Fletching
24:06 Heavy Plow
24:18 Bow Saw
24:01 Gold Mining
25:40 Bodkin Arrow
26:24 Crossbowman
29:57 Wheelbarrow
33:28 Imperial Age
34:00 Hand Cart
33:55 Stone Mining
34:44 Gold Shaft Mining
38:02 Conscription
39:00 Heavy Scorpion
39:12 Elite Woad Raider
40:50 Fortified Wall
41:22 Stone Shaft Mining
43:42 Pikeman
45:01 Stronghold
45:27 Furor Celtica
46:19 Stronghold
46:13 Halberdier
48:13 Forging
48:04 Scale Mail Armor
50:52 Iron Casting
50:33 Chain Mail Armor
57:52 Plate Mail Armor
58:23 Blast Furnace
陟遐自迩
0:45 Loom
12:34 Feudal Age
15:06 Fishing Lines
16:20 Wheelbarrow
22:58 Double-Bit Axe
25:53 Castle Age
23:48 Stone Mining
23:58 Gold Mining
26:02 Forging
25:56 Scale Mail Armor
27:53 Gillnets
28:44 Bow Saw
29:12 Iron Casting
28:53 Chain Mail Armor
29:02 Squires
28:52 Arson
29:30 Hamask
30:20 Fletching
31:34 Gold Shaft Mining
32:01 Bodkin Arrow
36:47 Imperial Age
34:55 Stone Shaft Mining
35:30 Hand Cart
35:03 Town Watch
38:08 Conscription
37:21 Onager
39:14 Blast Furnace
40:21 Plate Mail Armor
39:57 Siege Onager
40:29 Horse Collar
41:10 Elite Jomsviking
42:41 Siege Engineers
44:31 Chemistry
44:23 Gambesons
44:36 Northmen's Fury
45:44 Elite Varangian Guard
48:31 Caravan
52:40 Bracer
53:06 Ballistics
Connection lost

Rejoining the realm…

Still unreachable

The connection could not be restored.

Session expired

The server has moved on; the page needs a fresh start.